 Dungeon Crawl Stone Soup version 0.26.0-16-gc1dbca0489 (webtiles) character file.

Game seed: 6992769969191489250

42 EnegeticOcto the Stinger (level 3, -2/31 HPs)
             Began as a Ghoul Venom Mage on Jan 20, 2021.
             Slain by a worm (9 damage)
             ... on level 2 of the Dungeon.
             The game lasted 00:02:53 (1702 turns).

EnegeticOcto the Stinger (Ghoul Venom Mage)         Turns: 1702, Time: 00:02:54

Health: -2/31      AC:  3    Str: 12    XL:     3   Next: 54%
Magic:  0/4        EV: 12    Int: 10    God:
Gold:   47         SH:  0    Dex:  9    Spells: 4/5 levels left

rFire    . . .     SeeInvis .   i - +0 mace
rCold    + . .     Faith    .   (no shield)
rNeg     + + +     Spirit   .   a - +0 robe
rPois    ∞         Reflect  .   (no helmet)
rElec    .         Harm     .   (no cloak)
rCorr    .         Rampage  .   e - +0 pair of gloves
Will     +....                  (no boots)
Stlth    ++........             (no amulet)
HPRegen  0.00/turn              g - ring of willpower
MPRegen  0.09/turn              (no ring)

@: very slightly contaminated
A: claws 1, cold resistance 1, negative energy resistance 3, inhibited
regeneration, torment resistance, unbreathing
a: no special abilities


You were on level 2 of the Dungeon.
You visited 1 branch of the dungeon, and saw 2 of its levels.

You collected 47 gold pieces.

Inventory:

Hand Weapons
 i - a +0 mace (weapon)
   (You found it on level 1 of the Dungeon)
Armour
 a - a +0 robe (worn)
 e - a +0 pair of gloves (worn)
   (You found it on level 1 of the Dungeon)
Jewellery
 g - a ring of willpower (left hand)
   (You found it on level 1 of the Dungeon)
Scrolls
 b - a scroll of fear {unknown}
 c - a scroll of identify {unknown}
 d - 2 scrolls of remove curse {@r2}
 f - a scroll of magic mapping {unknown}
Potions
 h - a potion of curing {unknown}


   Skills:
 + Level 3.0 Fighting
 - Level 1.7 Dodging
 - Level 2.1 Stealth
 * Level 0.1 Unarmed Combat
 - Level 1.7 Spellcasting
 - Level 0.8 Transmutations
 - Level 3.2 Poison Magic


You had 4 spell levels left.
You knew the following spells:

 Your Spells              Type           Power        Failure   Level
a - Sting                 Tmut/Pois      20%          14%         1

Your spell library contained the following spells:

 Spells                   Type           Power        Failure   Level
 Poisonous Vapours        Pois/Air       8%           26%         2
 Ignite Poison            Fire/Tmut/Pois 3%           50%         3
 Mephitic Cloud           Conj/Pois/Air  3%           52%         3
 Olgreb's Toxic Radiance  Pois           7%           63%         4


Dungeon Overview and Level Annotations

Branches:
Dungeon (2/15)

Altars:


Innate Abilities, Weirdness & Mutations

You thrive by killing the living.
You are immune to poison.
You have sharp fingernails.
Your flesh is cold resistant. (rC+)
You are immune to negative energy. (rN+++)
You do not regenerate when monsters are visible.
You are immune to unholy pain and torment.
You can survive without breathing.


Message History

You barely miss the goblin. The goblin closely misses you.
You completely miss the goblin. The goblin hits you but does no damage.
You hit the goblin.
The goblin is heavily wounded.
The goblin hits you with a +0 club. The goblin misses you.
There are monsters nearby!
Casting: Sting (safe; 14% risk of failure)
Confirm with . or Enter, or press ? or * to list all spells.
Aiming: Sting (safe; 14% risk of failure)
Press: ? - help, Shift-Dir - straight line, f - goblin
Aim: a goblin, wielding a +0 club (heavily wounded, 40% to evade)
The sting hits the goblin.
The goblin is poisoned.
You kill the goblin!
There is a stone staircase leading down here.
There is a stone staircase leading up here.
You climb upwards.
There is a stone staircase leading down here.
You start resting.
Magic restored.
HP restored.
You climb downwards.
There is a stone staircase leading up here.
There is a stone staircase leading down here.
Casting: Sting (safe; 14% risk of failure)
Confirm with . or Enter, or press ? or * to list all spells.
Aiming: Sting (safe; 14% risk of failure)
Press: ? - help, Shift-Dir - straight line, f - worm
Aim: a worm (11% to evade)
The sting hits the worm.
The worm is poisoned.
The worm is lightly wounded.
Casting: Sting (safe; 14% risk of failure)
Confirm with . or Enter, or press ? or * to list all spells.
Aiming: Sting (safe; 14% risk of failure)
Press: ? - help, Shift-Dir - straight line, f/p - worm
Aim: a worm (lightly wounded, poisoned, 11% to evade)
The sting misses the worm.
The worm misses you.
You barely miss the worm.
The worm is lightly wounded.
You barely miss the worm.
The worm is moderately wounded.
The worm bites you.
You completely miss the worm.
The worm is lightly wounded.
The worm bites you.
You barely miss the worm.
The worm is lightly wounded.
The worm looks more healthy.
The worm bites you!
You are too injured to fight recklessly!
Casting: Sting (safe; 14% risk of failure)
Confirm with . or Enter, or press ? or * to list all spells.
Aiming: Sting (safe; 14% risk of failure)
Press: ? - help, Shift-Dir - straight line, f/p - worm
Aim: a worm (lightly wounded, 11% to evade)
You miscast Sting.
You are very lightly contaminated with residual magic.
Nothing appears to happen.
The worm bites you.
Casting: Sting (safe; 14% risk of failure)
Confirm with . or Enter, or press ? or * to list all spells.
Aiming: Sting (safe; 14% risk of failure)
Press: ? - help, Shift-Dir - straight line, f/p - worm
Aim: a worm (lightly wounded, 11% to evade)
The sting hits the worm but does no damage.
The worm is poisoned.
The worm is lightly wounded.
Your magical contamination has completely faded away.
Casting: Sting (safe; 14% risk of failure)
Confirm with . or Enter, or press ? or * to list all spells.
Aiming: Sting (safe; 14% risk of failure)
Press: ? - help, Shift-Dir - straight line, f/p - worm
Aim: a worm (lightly wounded, poisoned, 11% to evade)
The sting hits the worm.
The worm looks even sicker.
The worm is lightly wounded.
You hit the worm.
The worm is heavily wounded.
The worm barely misses you.
You hit the worm.
The worm is severely wounded.
You hit the worm.
The worm is almost dead.
The worm looks more healthy.
The worm barely misses you.
You hit the worm but do no damage.
The worm is almost dead.
The worm closely misses you.
Casting: Sting (safe; 14% risk of failure)
Confirm with . or Enter, or press ? or * to list all spells.
Aiming: Sting (safe; 14% risk of failure)
Press: ? - help, Shift-Dir - straight line, f/p - worm
Aim: a worm (severely wounded, 11% to evade)
You miscast Sting.
You are very lightly contaminated with residual magic.
Nothing appears to happen.
You barely miss the worm.
The worm is severely wounded.
The worm bites you!
* * * LOW HITPOINT WARNING * * *
You barely miss the worm.
The worm is severely wounded.
The worm bites you!
You die...

#...<......####
#...>.........#
#.............#
#...##........#
#...##.........
####..)##.........
#.......#.........
......(..##..##....
.........@w........
........###+###....
........# ...
........# ..
........+ #
+#......# #


You could see a worm.

Vanquished Creatures
  An ooze (D:1)
  A dart slug (D:1)
  4 leopard geckos (D:1)
  A ball python (D:1)
  3 giant cockroaches (D:1)
  4 goblins
  3 hobgoblins (D:1)
  3 kobolds
  3 bats (D:1)
  2 frilled lizards (D:1)
  6 rats (D:1)
31 creatures vanquished.

Notes
Turn   | Place    | Note
-------+----------+-------------------------------------------
     0 | D:1      | EnegeticOcto the Ghoul Venom Mage began the quest for the
                  | Orb.
     0 | D:1      | Reached XP level 1. HP: 14/14 MP: 2/2
    74 | D:1      | Reached skill level 1 in Fighting
   397 | D:1      | Reached XP level 2. HP: 19/23 MP: 1/3
   641 | D:1      | Reached skill level 2 in Fighting
   768 | D:1      | Reached XP level 3. HP: 29/30 MP: 0/4
  1350 | D:1      | Reached skill level 3 in Fighting
  1702 | D:2      | Slain by a worm

Illustrated notes

Levels and vault maps discovered:
D:1:      psy_arrival_conway, layout_basic, minmay_misc_feat_pillars,
          minmay_surrounded
D:2:      layout_basic, lemuel_round_altar, chequers_temple_overflow_minitemple,
          lemuel_doored_altar, general_overflow_altar,
          nicolae_underground_beach, uniq_sigmund

Skill      XL: |  1  2  3 |
---------------+----------+-----
Fighting       | 1 2 3 |  3.0
Dodging        | |  1.7
Stealth        | |  2.1
Unarmed Combat | |  0.1
Spellcasting   | |  1.7
Transmutations | |  0.8
Poison Magic   | |  3.2

Action                   || total
-------------------------++-------
Melee: Unarmed           ||    24
       Mace              ||    16
 Cast: Sting             ||    51
  Use: Scroll            ||     1
 Stab: Sleeping          ||     1
Armor: Robe              ||    10
Dodge: Dodged            ||    37
